 Dungeon Crawl Stone Soup version 0.25.1-2-g60ff931df9 (webtiles) character file.

Game seed: 17906465862081609267

17789 Chimkentus the Ducker (level 12, -11/81 HPs)
             Began as an Octopode Wanderer on Aug 30, 2020.
             Was an Elder of Yredelemnul.
             Mangled by an orc warlord
             ... wielding a +0 great mace
              (43 damage)
             ... on level 12 of the Dungeon.
             The game lasted 02:25:43 (20796 turns).

Chimkentus the Ducker (Octopode Wanderer)          Turns: 20796, Time: 02:25:45

Health: -11/81     AC:  1    Str: 12    XL:     12   Next: 51%
Magic:  12/22      EV: 18    Int: 15    God:    Yredelemnul [****..]
Gold:   421        SH:  4    Dex: 15    Spells: 14/24 levels left

rFire    + . .     SeeInvis .   z - +5 dagger (venom)
rCold    . . .     Gourm    .   U - +0 buckler
rNeg     + . .     Faith    .   (helmet restricted)
rPois    .         Spirit   .   p - amulet of the acrobat
rElec    .         Reflect  .   E - ring of positive energy
rCorr    .         Harm     .   L - ring of protection from fire
MR       .....                  (no ring)
Stlth    +++++.....             (no ring)
HPRegen  0.23/turn              (no ring)
MPRegen  0.18/turn              (no ring)
                                (no ring)
                                (no ring)

@: no status effects
A: almost no armour, stealthy swim, amphibious, 8 rings, constrict 8, camouflage
1, gelatinous body 1
a: Recall Undead Slaves, Injury Mirror, Animate Dead, Drain Life, Renounce
Religion


You were on level 12 of the Dungeon.
You worshipped Yredelemnul.
Yredelemnul was greatly pleased with you.
You were not hungry.

You visited 2 branches of the dungeon, and saw 13 of its levels.
You also visited: Ossuary.

You collected 712 gold pieces.
You spent 291 gold pieces at shops.

Inventory:

Hand Weapons
 d - a +0 hunting sling
 l - a +0 hand axe of electrocution
 t - a +2 short sword of venom
 z - a +5 dagger of venom (weapon)
 J - a +2 short sword of draining
 K - a +0 hand crossbow
 O - a +2 falchion
 P - a +1 rapier of electrocution
Missiles
 i - 100 sling bullets
 o - 82 bolts
 r - 234 stones
 y - 44 poisoned darts
 C - 195 arrows
 D - 13 boomerangs
 I - 2 throwing nets
 M - 5 curare-tipped darts
 Q - an atropa-tipped dart (quivered)
Armour
 U - a +0 buckler (worn)
Jewellery
 p - an amulet of the acrobat (around mantle)
 x - an uncursed amulet of faith
 E - a ring of positive energy (left tentacle)
 L - a ring of protection from fire (right tentacle)
 R - an uncursed amulet of guardian spirit {unknown}
 T - an uncursed ring of flight
Wands
 m - a wand of polymorph (7)
Scrolls
 b - 3 scrolls of teleportation
 g - a scroll of fog
 j - 3 scrolls of amnesia
 n - 4 scrolls of blinking
 A - 5 scrolls of remove curse
 G - 2 scrolls of magic mapping
Potions
 h - 2 potions of haste
 k - a potion of heal wounds
 q - 2 potions of mutation
 s - a potion of flight
 u - a potion of stabbing
 v - a potion of ambrosia
 F - 3 potions of brilliance
 H - a potion of resistance
 N - 3 potions of magic
Miscellaneous
 S - a lightning rod (inert)
Comestibles
 a - 6 chunks of flesh
 f - 13 rations


   Skills:
 * Level 7.4 Fighting
 + Level 3.5(4.0) Short Blades
 + Level 2.9(3.7) Long Blades
   Level 5.4 Maces & Flails
 + Level 3.7 Throwing
 * Level 7.9 Dodging
 + Level 7.7 Stealth
 * Level 1.5 Shields
 * Level 6.7 Spellcasting
 * Level 5.1 Conjurations
 + Level 5.3 Hexes
 * Level 6.5 Charms
 + Level 0.1 Translocations
   Level 2.0 Ice Magic
 + Level 2.7 Air Magic
   Level 1.0 Earth Magic
 + Level 3.1 Poison Magic
 * Level 6.6 Invocations
 + Level 0.2 Evocations


You had 14 spell levels left.
You knew the following spells:

 Your Spells              Type           Power        Failure   Level  Hunger
a - Shock                 Conj/Air       ###.         3%          1    None
b - Blink                 Tloc           N/A          26%         2    None
c - Slow                  Hex            ###.....     3%          2    None
d - Mephitic Cloud        Conj/Pois/Air  ###.....     13%         3    ##.....
e - Swiftness             Chrm/Air       ###.....     4%          2    None

Your spell library contained the following spells:

 Spells                   Type           Power        Failure   Level  Hunger
 Magic Dart               Conj           ###.         2%          1    None
 Static Discharge         Conj/Air       ###.....     11%         3    ##.....
 Conjure Flame            Conj/Fire      ##......     21%         3    ##.....
 Call Imp                 Summ           #.......     28%         2    None
 Airstrike                Air            ##........   52%         4    ####...
 Silence                  Hex/Air        ###.......   69%         5    #####..
 Summon Lightning Spire   Summ/Air       #.......     71%         4    ####...
 Lightning Bolt           Conj/Air       ###.......   71%         5    #####..
 Conjure Ball Lightning   Conj/Air       ###.......   99%         6    #######
 Tornado                  Air            ##........   100%        9    #######


Dungeon Overview and Level Annotations

Branches:
Dungeon (12/15)            Temple (0/1) D:5            Lair (0/6) D:10
    Orc (1/2) D:12        Ossuary (visited)

Altars:
Cheibriados
Fedhas
Gozag
Hepliaklqana
Kikubaaqudgha
Makhleb
Nemelex Xobeh
Ru
Xom
Yredelemnul
Zin
Beogh

Shops:
D:9 (   D:12 *([

Annotations:
D:8 Erica
D:11 3 runed translucent doors, Obuyqyna's ghost, journeyman SpEE


Innate Abilities, Weirdness & Mutations

You cannot wear most types of armour.
You are very stealthy in the water. (Stealth+)
You are amphibious.
You can wear up to eight rings at the same time.
You can use your tentacles to constrict eight enemies at once.
Your skin changes colour to match your surroundings (Stealth+).
Your rubbery body absorbs attacks. (AC +1, EV +1)


Message History

Aim: an orc warlord, wielding a +0 great mace and wearing a +4 plate armour of poison resistance (heavily wounded, extremely poisoned, chance to defeat MR: 15%)
Okay, then.
Quiver which item? (- for none, * to show all) (? for menu, Esc to quit)
Quivering
Q - 2 atropa-tipped darts for throwing.
Throwing (i - inventory. (/) - cycle)
Q - 2 atropa-tipped darts (quivered)
Press: ? - help, Shift-Dir - straight line, f/p - orc warlord
Aim: an orc warlord, wielding a +0 great mace and wearing a +4 plate armour of poison resistance (heavily wounded, extremely poisoned, chance to blind on hit: 0%)
You throw an atropa-tipped dart.
The atropa-tipped dart hits the orc warlord.
The orc warlord resists.
The orc warlord is heavily wounded.
Your ogre skeleton hits the orc warlord with a +0 giant club.
Your orc warrior skeleton hits the orc warlord with a +0 battleaxe.
You draw life from your surroundings.
The orc warlord is drained of life.
The orc warlord is severely wounded.
You feel life flooding into your body.
You feel somewhat more hungry.
The orc warlord hits you with a +0 great mace!!!
Ouch! That really hurt!
You die...
Your body rises from the dead as a mindless zombie.

#[## ##.## #....
#[.####..# #####
##.......# #.[.....#
#.......# #...∩...#
#..Z([..# #..Zo...#
#...@)..# #[..∩)..#
#.[.....#
#.......###########
#.......#.........#
########.#####...........#
#..............#......[..#
#.........####.#.........#
#.....................)..#


You could see an orc warlord (extremely poisoned), a friendly orc warrior
skeleton and a friendly ogre skeleton.

Vanquished Creatures
  Harold (D:8)
  A hydra (D:11)
  A two-headed ogre (D:12)
  A wizard (D:12)
  A deep elf mage (D:12)
  2 orc sorcerers (D:12)
  A cyclops (D:11)
  A kobold demonologist (D:12)
  A hornet (D:12)
  Prince Ribbit (D:8)
  2 hippogriffs (D:11)
  A wraith (D:11)
  8 yaks
  4 vampire mosquitoes (D:12)
  A hungry ghost (D:9)
  2 wargs (D:12)
  Edmund (D:4)
  A water moccasin (D:11)
  A porcupine (D:10)
  3 sky beasts
  A black bear (D:12)
  4 ice beasts
  3 phantoms
  An eye of draining (D:10)
  10 orc warriors
  4 centaurs
  4 ogres
  A vampire mosquito zombie (D:12)
  A crocodile (D:12)
  2 big kobolds
  An elf zombie (Ossuary)
  Blork the orc (D:5)
  8 bullfrogs
  A yak zombie (D:11)
  2 scorpions
  6 killer bees
  8 wights
  7 howler monkeys
  6 centaur zombies
  4 crimson imps
  A bullfrog zombie (D:6)
  Crazy Yiuf (D:6)
  2 jellies
  A bullfrog skeleton (D:7)
  8 orc priests
  A centaur skeleton (D:4)
  3 hounds
  11 orc wizards
  A human zombie (Ossuary)
  Jessica (D:3)
  A black bear skeleton (D:12)
  Natasha (thrice) (D:2)
  2 iguanas
  5 worker ants
  A killer bee zombie (D:9)
  A hound skeleton (D:6)
  3 mummies
  A worker ant zombie (D:7)
  Robin (D:4)
  4 gnolls
  9 adders
  2 howler monkey skeletons (D:6)
  A river rat (D:3)
  2 shadow imps
  An adder zombie (Ossuary)
  An adder skeleton (D:6)
  An orc skeleton (D:12)
  A dart slug (D:3)
  2 leopard geckos
  42 orcs
  2 ball pythons
  A bat (D:2)
  4 giant cockroaches
  12 goblins
  9 hobgoblins
  5 jackals
  13 kobolds
  3 quokkas
  2 goblin zombies
  10 hobgoblin zombies
  2 jackal zombies (Ossuary)
  12 kobold zombies (Ossuary)
  8 orc zombies
  2 rats
309 creatures vanquished.

Vanquished Creatures (collateral kills)
  2 two-headed ogres (D:11)
  An orc high priest (D:12)
  An ugly thing (D:11)
  Joseph (D:9)
  3 trolls
  3 hippogriffs
  7 yaks
  A wraith (D:11)
  3 hungry ghosts
  A porcupine (D:9)
  5 orc warriors
  A phantom (D:5)
  4 ogres
  A necrophage (D:3)
  7 centaurs
  2 bullfrogs (D:9)
  A scorpion (D:9)
  3 orc priests
  3 hounds
  3 jellies
  7 orc wizards
  A worker ant (D:11)
  4 gnolls (D:11)
  A shadow imp (D:9)
  32 orcs
  A goblin (D:4)
  6 kobolds
  A frilled lizard (D:3)
  A rat (D:3)
  A plant (D:10)
108 creatures vanquished.

Vanquished Creatures (others)
  8 flying skulls
  A vampire (D:12)
  A two-headed ogre skeleton (D:12)
  A hornet zombie (D:12)
  An elf zombie (D:12)
  2 human skeletons
  A hippogriff skeleton (D:9)
  2 yak zombies (D:11)
  2 warg skeletons (D:12)
  4 yak skeletons
  2 centaur zombies
  A human zombie (D:8)
  2 bullfrog skeletons
  A porcupine skeleton (D:10)
  A killer bee zombie (D:9)
  A sky beast zombie (D:11)
  A big kobold zombie (D:10)
  An ogre skeleton (D:11)
  3 hound zombies
  A mummy (D:11)
  A worker ant zombie (D:12)
  A howler monkey skeleton (D:5)
  An iguana zombie (D:12)
  An adder skeleton (D:12)
  14 orc skeletons
  9 orc zombies
  3 gnoll zombies (D:6)
  A frilled lizard zombie (D:3)
  A goblin zombie (D:4)
  A hobgoblin skeleton (D:4)
  A hobgoblin zombie (D:4)
  A jackal skeleton (D:4)
  5 kobold zombies
  A leopard gecko skeleton (D:9)
  A quokka skeleton (D:5)
79 creatures vanquished.

Grand Total: 496 creatures vanquished

Notes
Turn   | Place    | Note
-------+----------+-------------------------------------------
     0 | D:1      | Chimkentus the Octopode Wanderer began the quest for the
                  | Orb.
     0 | D:1      | Chimkentus set off with the following items: a +0 club, a
                  | potion of curing, a +0 dagger, a ration; and the following
                  | spells available to memorise: Magic Dart, Shock, Blink,
                  | Call Imp, Slow, Mephitic Cloud, Conjure Flame
     0 | D:1      | Reached XP level 1. HP: 11/11 MP: 4/4
     2 | D:1      | Learned a level 1 spell: Shock
   642 | D:1      | Reached XP level 2. HP: 17/17 MP: 6/6
   844 | D:1      | Learned a level 2 spell: Blink
   847 | D:1      | Learned a level 2 spell: Slow
   895 | D:2      | Found a faded altar of an unknown god.
  1205 | D:2      | Noticed Natasha
  1273 | D:2      | Reached XP level 3. HP: 8/22 MP: 5/8
  1278 | D:2      | Learned a level 3 spell: Mephitic Cloud
  1502 | D:2      | Found a blossoming altar of Fedhas.
  1864 | D:2      | HP: 1/22 [Natasha/magic dart (7)]
  1866 | D:2      | Killed Natasha
  1866 | D:2      | Reached skill level 1 in Fighting
  1866 | D:2      | Reached skill level 1 in Dodging
  1866 | D:2      | Reached XP level 4. HP: 2/28 MP: 1/9
  2203 | D:2      | Found a shimmering altar of Xom.
  2303 | D:2      | Noticed Natasha
  2316 | D:2      | Killed Natasha
  2316 | D:2      | Reached skill level 1 in Hexes
  2316 | D:2      | Reached skill level 1 in Air Magic
  2338 | D:2      | Noticed Natasha
  2341 | D:2      | Killed Natasha
  2341 | D:2      | Reached skill level 1 in Conjurations
  2341 | D:2      | Reached XP level 5. HP: 22/33 MP: 8/10
  2505 | D:2      | Became a worshipper of Yredelemnul the Dark
  2505 | D:2      | Reached * piety under Yredelemnul
  3066 | D:3      | Noticed Jessica
  3085 | D:3      | Killed Jessica
  3085 | D:3      | Reached XP level 6. HP: 23/39 MP: 12/12
  3354 | D:3      | Reached ** piety under Yredelemnul
  3516 | D:4      | Noticed a necrophage
  3540 | D:3      | Killed a necrophage
  3540 | D:3      | Reached skill level 1 in Short Blades
  3540 | D:3      | Reached skill level 1 in Invocations
  3775 | D:4      | Noticed Edmund
  4027 | D:4      | Noticed a phantom
  4457 | D:4      | Noticed Robin
  4469 | D:4      | Killed Robin
  4469 | D:4      | Reached skill level 1 in Throwing
  4818 | D:4      | Killed a phantom
  4818 | D:4      | Reached XP level 7. HP: 22/45 MP: 13/13
  5156 | D:4      | Killed Edmund
  5288 | D:5      | Entered Level 5 of the Dungeon
  5585 | D:5      | Found a staircase to the Ecumenical Temple.
  5856 | D:5      | Noticed Blork the orc
  5882 | D:5      | Killed Blork the orc
  5882 | D:5      | Reached skill level 1 in Long Blades
  5952 | D:5      | Found a sacrificial altar of Ru.
  6053 | D:5      | Reached XP level 8. HP: 19/52 MP: 14/14
  6660 | D:6      | Found a sand-covered staircase.
  6666 | Ossuary  | Entered an ossuary
  7009 | Ossuary  | Reached skill level 1 in Maces & Flails
  7029 | Ossuary  | Reached *** piety under Yredelemnul
  7307 | D:6      | Learned a level 2 spell: Swiftness
  7801 | D:6      | Found a runed translucent door.
  7802 | D:6      | Noticed Crazy Yiuf
  7960 | D:6      | Killed Crazy Yiuf
  8035 | D:6      | Reached skill level 1 in Charms
  8112 | D:6      | Reached XP level 9. HP: 44/58 MP: 15/15
  8187 | D:6      | Found an ancient bone altar of Kikubaaqudgha.
  8451 | D:6      | Reached skill level 5 in Stealth
  9627 | D:7      | Reached skill level 5 in Spellcasting
  9627 | D:7      | Received a gift from Yredelemnul (2 flying skulls)
 10218 | D:8      | Noticed Harold
 10224 | D:8      | Killed Harold
 10224 | D:8      | Reached skill level 5 in Fighting
 10224 | D:8      | Reached skill level 5 in Dodging
 10224 | D:8      | Reached XP level 10. HP: 47/66 MP: 17/17
 10414 | D:8      | Your ally Harold died
 10421 | D:8      | Noticed Prince Ribbit
 10431 | D:8      | Killed Prince Ribbit
 10438 | D:8      | Noticed Erica
 10443 | D:8      | Your ally Prince Ribbit died
 10446 | D:9      | Noticed Joseph
 10451 | D:9      | Reached skill level 5 in Hexes
 10458 | D:9      | Reached **** piety under Yredelemnul
 10752 | D:9      | Received a gift from Yredelemnul (3 flying skulls)
 11101 | D:9      | Found a hazy altar of Hepliaklqana.
 11101 | D:9      | Found a sparkling altar of Nemelex Xobeh.
 11101 | D:9      | Found a glowing silver altar of Zin.
 11309 | D:9      | Killed Joseph
 11709 | D:9      | Found Lifuczog's Antique Weapon Shoppe.
 11717 | D:9      | Bought a glowing rapier for 175 gold pieces
 11911 | D:10     | Entered Level 10 of the Dungeon
 11962 | D:9      | Reached skill level 5 in Invocations
 12552 | D:10     | Reached XP level 11. HP: 72/72 MP: 19/19
 12914 | D:10     | Reached skill level 5 in Maces & Flails
 12920 | D:10     | Received a gift from Yredelemnul (a mummy)
 13327 | D:10     | Found a staircase to the Lair.
 14258 | D:11     | Received a gift from Yredelemnul (3 flying skulls)
 14300 | D:11     | Reached skill level 5 in Charms
 14952 | D:11     | Noticed an eight-headed hydra
 14970 | D:11     | Killed an eight-headed hydra
 15029 | D:11     | Found a runed translucent gate.
 15029 | D:11     | Found a runed translucent gate.
 15029 | D:11     | Found a runed translucent gate.
 15032 | D:11     | Noticed Obuyqyna's ghost (journeyman SpEE)
 15123 | D:11     | Noticed a cyclops
 15173 | D:11     | Killed a cyclops
 15634 | D:11     | Found an opulent altar of Gozag.
 15637 | D:11     | Found a sacrificial altar of Ru.
 15637 | D:11     | Found a burning altar of Makhleb.
 15717 | D:11     | Found a snail-covered altar of Cheibriados.
 15717 | D:11     | Found a shimmering altar of Xom.
 15717 | D:11     | Found a snail-covered altar of Cheibriados.
 15882 | D:11     | Found a roughly hewn altar of Beogh.
 15883 | D:11     | Identified the +9 scimitar "Xuces" {flame, rPois}
 15883 | D:11     | Identified the cursed +1 chain mail of Greed {*Slow rN+
                  | Str+2 Int+2}
 15955 | D:12     | Found Quchabuqu's General Store.
 16260 | D:12     | Noticed a white ugly thing
 16292 | D:12     | Noticed a two-headed ogre
 16294 | D:12     | Noticed a deep elf mage
 16361 | D:12     | Noticed a two-headed ogre
 16491 | D:11     | Killed a two-headed ogre
 16610 | D:11     | Killed a white ugly thing
 16891 | D:11     | Killed a two-headed ogre
 17073 | D:12     | Killed a deep elf mage
 17073 | D:12     | Reached XP level 12. HP: 16/80 MP: 17/21
 17979 | D:12     | Noticed a two-headed ogre
 18194 | D:12     | Found Ahamobb's Armour Boutique.
 18196 | D:12     | Found a staircase to the Orcish Mines.
 18197 | D:12     | Noticed a soul eater
 18206 | D:12     | Noticed a soul eater
 18633 | D:12     | Received a gift from Yredelemnul (a vampire)
 18743 | D:12     | Found Poxkumy's Weapon Boutique.
 18786 | D:12     | Killed a two-headed ogre
 18786 | D:12     | Reached skill level 5 in Conjurations
 19346 | D:12     | Bought 7 curare-tipped darts for 58 gold pieces
 19375 | D:12     | Bought a +0 buckler for 58 gold pieces
 19389 | Orc:1    | Entered Level 1 of the Orcish Mines
 19527 | Orc:1    | Noticed an orc high priest
 20175 | Orc:1    | Paralysed by an orc sorcerer for 3 turns
 20501 | D:12     | Killed an orc high priest
 20508 | D:12     | Reached skill level 1 in Shields
 20680 | Orc:1    | Noticed an orc warlord
 20796 | D:12     | Mangled by an orc warlord

Illustrated notes

Levels and vault maps discovered:
D:1:      elethiomel_arrival_infinity_welcomes_careful_drivers,
          layout_loops_cross
D:2:      layout_loops_ring, lemuel_doored_altar, marbit_many_paths,
          chequers_ecumenical_altar_simple, first_ration, uniq_natasha
D:3:      layout_rooms, portal_sewer_entry_a, minmay_splitting_lines,
          uniq_jessica
D:4:      layout_loops_ring, uniq_edmund, uniq_robin
D:5:      layout_loops_ring, kennysheep_mini_moat, minmay_temple_entry_tees,
          uniq_blork_the_orc
D:6:      layout_basic, kiku_gazebo_pond_becter, nicolae_ossuary_entry_giza,
          uniq_crazy_yiuf_cottage
D:7:      layout_loops_ring
D:8:      layout_cave_pools, serial_column_ruins, column_ruins_hut,
          column_ruins_open_tiny, column_ruins_open_tiny,
          column_ruins_columns_straight, column_ruins_grid_2,
          column_ruins_grid_1, special_room [special_room_orc],
          hangedman_little_slice_of_home, grunt_decor_resistance, uniq_erica,
          uniq_prince_ribbit1, uniq_harold
D:9:      layout_basic, gammafunk_temple_overflow_forgotten, serial_shops,
          nicolae_shop_stone, special_room [special_room_orc], uniq_joseph
D:10:     layout_cave_pools, grunt_lair_entry_orc_guard_hut
D:11:     layout_roguey, biasface_ghost_orc_armoury, doesnt_xom_only_xom
D:12:     layout_basic, orc_david_3, serial_shops, shop
Orc:1:    layout_caves, guppyfry_library_mini, uniq_nergalle

Skill      XL: |  1  2  3  4  5  6  7  8  9 10 11 12 |
---------------+-------------------------------------+-----
Fighting       | 1 2 3 4 5 6 7 |  7.4
Dodging        | 1 2 3 4 5 7 |  7.9
Hexes          | 1 2 3 4 5 |  5.3
Air Magic      | 1 2 |  2.7
Conjurations   | 1 2 3 4 5 |  5.1
Stealth        | 3 4 5 6 7 |  7.7
Spellcasting   | 4 5 6 |  6.7
Short Blades   | 1 2 3 |  3.5
Invocations    | 2 3 5 6 |  6.6
Throwing       | 1 2 3 |  3.7
Long Blades    | 1 2 |  2.9
Maces & Flails | 2 4 5 |  5.4
Charms         | 1 3 4 5 6 |  6.5
Poison Magic   | 3 |  3.1
Shields        | 1 |  1.5
Translocations | |  0.1
Ice Magic      | |  2.0
Earth Magic    | |  1.0
Evocations     | |  0.2

Action                   |  1- 3 |  4- 6 |  7- 9 | 10-12 || total
-------------------------+-------+-------+-------+-------++-------
Melee: Club              |     4 |       |       |       ||     4
       Dagger            |    13 |    43 |    94 |   236 ||   386
       Constrict         |     6 |    19 |    52 |    85 ||   162
       Tentacles         |     2 |    15 |    48 |    98 ||   163
       Short sword       |     2 |    29 |       |       ||    31
       Long sword        |       |    13 |       |       ||    13
       Dire flail        |       |       |   162 |   100 ||   262
       Falchion          |       |       |       |    93 ||    93
Throw: Dart              |       |    12 |    39 |    77 ||   128
       Boomerang         |       |       |    33 |    10 ||    43
       Stone             |       |       |    11 |       ||    11
       Throwing net      |       |       |       |     1 ||     1
 Cast: Shock             |    43 |    31 |    21 |    18 ||   113
       Slow              |       |       |     4 |     7 ||    11
       Mephitic Cloud    |       |       |     3 |    57 ||    60
       Blink             |       |       |     2 |     3 ||     5
Invok: Animate Remains   |       |    19 |    13 |       ||    32
       Injury Mirror     |       |     1 |     3 |     8 ||    12
       Recall Undead Sla |       |       |     1 |     2 ||     3
       Animate Dead      |       |       |     9 |    73 ||    82
       Drain Life        |       |       |       |     2 ||     2
Evoke: Wand              |       |       |     4 |     4 ||     8
       Lightning rod     |       |       |       |     6 ||     6
  Use: Potion            |       |     1 |     6 |     4 ||    11
       Scroll            |       |       |    15 |    11 ||    26
 Stab: Sleeping          |     3 |     4 |    13 |    14 ||    34
       Distracted        |       |     1 |     2 |     4 ||     7
       Confused          |       |       |     1 |    19 ||    20
       Invisible         |       |       |       |     2 ||     2
  Eat: Chunk             |     2 |    12 |    19 |    49 ||    82
       Ration            |       |     1 |     2 |     4 ||     7
Armor: Skin              |     5 |     1 |    33 |    22 ||    61
Dodge: Dodged            |    18 |    45 |   163 |   431 ||   657
Block: Buckler           |       |       |       |     7 ||     7
       Rpst.: Long sword |       |     5 |       |       ||     5
       Falchion          |       |       |       |    35 ||    35
